 Dungeon Crawl Stone Soup version 0.28-a0-1130-gc51a68064b (webtiles) character file.

Game seed: 9321885729712859242

108 ducksouse the Shield-Bearer (level 4, -2/41 HPs)
             Began as a Minotaur Fighter on Dec 12, 2021.
             Splashed by a jelly's acid (7 damage)
             ... on level 2 of the Dungeon.
             The game lasted 00:02:25 (1496 turns).

ducksouse the Shield-Bearer (Minotaur Fighter)      Turns: 1496, Time: 00:02:32

Health: -2/41      AC: -4    Str: 22    XL:     4   Next: 58%
Magic:  3/3        EV:  9    Int:  5    God:
Gold:   93         SH:  4    Dex: 10    Spells: 3/3 levels left

rFire   . . .      SeeInvis .   f - +2 whip (drain)
rCold   . . .      Faith    .   c - +0 buckler
rNeg    . . .      Spirit   .   b - +0 scale mail
rPois   .          Reflect  .   (helmet restricted)
rElec   .          Harm     .   (no cloak)
rCorr   .          Rampage  .   (no gloves)
Will    .....                   (no boots)
Stlth   ..........              (no amulet)
HPRegen 0.13/turn               (no ring)
MPRegen 0.08/turn               (no ring)

@: corroded
A: horns 2, retaliatory headbutt
a: no special abilities


You were on level 2 of the Dungeon.
You visited 1 branch of the dungeon, and saw 2 of its levels.

You collected 93 gold pieces.

Inventory:

Hand Weapons
 a - a +0 long sword
 f - a +2 whip of draining (weapon)
Armour
 b - a +0 scale mail (worn)
 c - a +0 buckler (worn)
Scrolls
 g - a scroll of identify {unknown}
Potions
 d - a potion of might


   Skills:
 + Level 4.4 Fighting
 + Level 3.4 Long Blades
 + Level 1.5 Maces & Flails
 + Level 4.4 Armour
 + Level 4.4 Shields


You had 3 spell levels left.
You didn't know any spells.
Your spell library was empty.

Dungeon Overview and Level Annotations

Branches:
Dungeon (2/15)

Altars:


Innate Abilities, Weirdness & Mutations

You have a pair of horns on your head.
You reflexively headbutt those who attack you in melee.


Message History

The jelly hits you but does no damage. The endoplasm freezes you.
You are frozen.
You hit the jelly. You drain the jelly. The acid corrodes you!
Your hands burn!
You headbutt the jelly.
The jelly is almost dead.
The endoplasm hits the fungus.
The fungus begins to die.
The jelly closely misses you. The endoplasm freezes you.
You are frozen.
The jelly completely misses the fungus.
Your scale mail prevents you from hitting the jelly.
The jelly is almost dead.
The jelly closely misses you. You furiously retaliate!
You headbutt the jelly!
You kill the jelly!
The endoplasm hits the fungus.
You hit the endoplasm.
The endoplasm is almost dead.
You hit the jelly. You drain the jelly. The acid corrodes you!
Your hands burn!
The jelly is moderately wounded.
A nearby fungus withers and dies.
The jelly jiggles.
You hit the jelly. The acid corrodes you!
Your hands burn!
The jelly is moderately wounded.
The jelly jiggles.
The jelly hits you. The acid corrodes you!
You are splashed with acid!
* * * LOW HITPOINT WARNING * * *
It was a potion of curing.
You feel better. The jelly barely misses you.
You hit the jelly but do no damage.
Your hands burn!
The jelly is moderately wounded.
The jelly hits you.
You are splashed with acid!
* * * LOW HITPOINT WARNING * * *
You hit the jelly. You drain the jelly.
Your hands burn!
* * * LOW HITPOINT WARNING * * *
You headbutt the jelly.
The jelly is severely wounded.
The jelly hits you.
* * * LOW HITPOINT WARNING * * *
You are splashed with acid!
You die...

##########
#..#
)....P.P.#
#..#
.P...÷.P.#
#<.#
.........#
#..####
....÷÷...#
#......
....JJ÷JJ#
##.####
....JJJJJ#
#.#
#######J#
#.#
##..)..@##
#.#
#.########
#.####
##..'....#
##....
####....#
#####
#.......#
#.......#
#.......#
#.......#
##.....###
.#


You could see 2 jellies and 3 endoplasms.

Vanquished Creatures
  A jelly (D:2)
  3 adders (D:2)
  A worm (D:2)
  3 dart slugs
  3 bats (D:1)
  9 endoplasms
  A giant cockroach (D:1)
  6 hobgoblins
  3 quokkas (D:1)
  A ball python (D:2)
  A frilled lizard (D:1)
  A goblin (D:1)
  8 kobolds
  2 rats
43 creatures vanquished.

Vanquished Creatures (others)
  3 fungi (D:2)
  8 toadstools (D:2)
11 creatures vanquished.

Grand Total: 54 creatures vanquished

Notes
Turn   | Place    | Note
-------+----------+-------------------------------------------
     0 | D:1      | ducksouse the Minotaur Fighter began the quest for the Orb.
     0 | D:1      | Reached XP level 1. HP: 19/19 MP: 0/0
   332 | D:1      | Reached XP level 2. HP: 24/27 MP: 1/1
   942 | D:1      | Reached XP level 3. HP: 33/33 MP: 2/2
  1399 | D:2      | Reached skill level 1 in Maces & Flails
  1409 | D:2      | Reached XP level 4. HP: 40/40 MP: 3/3
  1496 | D:2      | Splashed by a jelly's acid

Illustrated notes

Levels and vault maps discovered:
D:1:      lemuel_arrival_hallway, layout_loops_corners
D:2:      cheibrodos_fertilizer, layout_loops_ring, fountainhead,
          grunt_ministairs_14, uniq_crazy_yiuf_cottage, uniq_robin

Skill      XL: |  1  2  3 |
---------------+----------+-----
Fighting       | 4 |  4.4
Armour         | 4 |  4.4
Shields        | 4 |  4.4
Long Blades    | 3 |  3.4
Maces & Flails | 1 |  1.5

Action                   |  1- 3 |  4- 6 || total
-------------------------+-------+-------++-------
Melee: Long sword        |    23 |       ||    23
       Headbutt          |     6 |     2 ||     8
       Whip              |    33 |    24 ||    57
  Use: Potion            |       |     1 ||     1
Armor: Scale mail        |    16 |     8 ||    24
Dodge: Dodged            |    23 |    10 ||    33
Block: Buckler           |    10 |     4 ||    14

Table legend: (Time is in decaauts)
 A = Elapsed time spent in this place.
 B = Non-inter-level travel time spent in this place.
 C = Inter-level travel time spent in this place.
 D = Time resting spent in this place.
 E = Time spent auto-exploring this place.
 F = Levels seen in this place.
 G = Mean time per level.
                   A        B        C        D        E       F      G
               +--------+--------+--------+--------+--------+-----+--------+
         Total |   1506 |   1468 |     38 |      0 |   1263 |   2 |  753.0 |
       Dungeon |   1506 |   1468 |     38 |      0 |   1263 |   2 |  753.0 |
               +--------+--------+--------+--------+--------+-----+--------+

Top non-repeatable levels by time:
     D:1: 1183 daAuts
     D:2: 322 daAuts
